cohdb
Replays
Latest Replays
All Replays
Popular Replays
Top Player Replays
Match Explorer
How It Works
Community
CoH3 Stats
Reddit
Sign in to upload your games and track your stats! →
Sign in with Steam
Match 43669033
Unlisted
Match 43669033
Overview
Messages
Build Orders
End
Construct Infanterie Kompanie
Selects Italian Coastal Battlegroup
Selects Coastal Reserves
Coastal Reserve
Coastal Reserve
MG 42 Machine Gun Team
Infanterie Officer Quarters
Selects Artillery Officer
Artillery Officer
Construct Panzergrenadier Kompanie
Coastal Reserve
Medical Bunker
Selects Support Bunkers
Support Elements
Nebelwerfer 42 Rocket Launcher Team
Coastal Reserve
FoolishNinja
hogarthw
keep.it.chill.
Jack449
Yoyaso
FlagHeros
0
0
Comments
sign in to comment!
No comments posted yet!